 Dungeon Crawl Stone Soup version 0.30.1-11-g7821555f0a (webtiles) character file.

Game seed: 16434487923547129915

154 Nonny the Magician (level 5, -5/35 HPs)
             Began as a Mummy Conjurer on Dec 2, 2023.
             Slain by a black bear (7 damage)
             ... on level 4 of the Dungeon.
             The game lasted 00:11:00 (4054 turns).

Nonny the Magician (Mummy Conjurer)                 Turns: 4054, Time: 00:11:03

Health: -5/35      AC:  3    Str: 10    XL:     5   Next: 13%
Magic:  2/12       EV: 13    Int: 19    God:
Gold:   194        SH:  0    Dex: 17    Spells: 7/13 levels left

rFire   x . .        m - +0 whip (venom)
rCold   + . .        (no shield)
rNeg    + + +        a - +0 robe
rPois   ∞            (no helmet)
rElec   .            f - +0 cloak
rCorr   .            (no gloves)
SInv    +            (no boots)
Will    .....        (no amulet)
Stlth   ++           g - +6 ring of dexterity
HPRegen 0.25/turn    d - ring of see invisible
MPRegen 0.13/turn

%: faith
@: no status effects
A: cold resistance 1, negative energy resistance 3, torment resistance 2, heat
vulnerability 1, in touch with death 1, no potions, faith
a: no special abilities


You were on level 4 of the Dungeon.
You visited 1 branch of the dungeon, and saw 4 of its levels.

You collected 194 gold pieces.

Inventory:

Hand Weapons
 m - a +0 whip of venom (weapon)
Missiles
 e - 25 stones
 j - 13 poisoned darts
Armour
 a - a +0 robe (worn)
 f - a +0 cloak (worn)
Jewellery
 d - a ring of see invisible (right hand)
 g - a +6 ring of dexterity (left hand)
Scrolls
 b - 3 scrolls of teleportation
 h - 3 scrolls of magic mapping
 i - a scroll of torment {unknown}
 k - a scroll of fog {unknown}
 l - 2 scrolls of amnesia {unknown}


   Skills:
 + Level 2.5 Dodging
 - Level 3.0 Stealth
 + Level 4.7 Spellcasting
 - Level 3.2 Conjurations


You had 7 spell levels left.
You knew the following spells:

 Your Spells              Type           Power      Damage    Failure   Level
a - Magic Dart            Conj           64%        1d6       3%          1
b - Searing Ray           Conj           32%        2d5       4%          2
c - Dazzling Flash        Conj/Hex       20%        N/A       21%         3

Your spell library contained the following spells:

 Spells                   Type           Power      Damage    Failure   Level
 Fulminant Prism          Conj/Hex       5%         3d7       54%         4
 Iskenderun's Mystic Bla  Conj/Tloc      10%        2d4       54%         4


Dungeon Overview and Level Annotations

Branches:
Dungeon (4/15)
 Temple: D:4-7

Altars:
Gozag

Shops:
D:1 ?


Innate Abilities, Weirdness & Mutations

You are immune to poison.
Your flesh is cold resistant. (rC+)
You are immune to negative energy. (rN+++)
You are immune to unholy pain and torment.
You are vulnerable to heat. (rF-)
You are in touch with the powers of death.
You do not drink.
You have a special connection with the divine. (Faith)


Message History

Casting: Dazzling Flash (quite dangerous; 21% risk of failure)
Confirm with . or Enter, or press ? or * to list all spells.
Aiming: Searing Ray (safe; 4% risk of failure)
Press: ? - help, Shift-Dir - straight line, f - black bear
Aim: a black bear (moderately wounded, wandering, blind, hasn't noticed you, 84% to hit)
The searing ray hits the black bear!
The black bear is heavily wounded. (Press . to maintain the ray.)
The black bear bites you! The black bear completely misses you.
The black bear misses you.
The searing ray hits the black bear.
The black bear is severely wounded.
The black bear is no longer blind.
The black bear bites you.
The black bear claws you but does no damage.
The black bear barely misses you.
Unknown command.
You hit the black bear.
The black bear is poisoned.
The black bear is severely wounded.
The black bear goes berserk!
You closely miss the black bear.
The black bear is almost dead.
The black bear barely misses you.
The black bear claws you but does no damage.
The black bear barely misses you.
You barely miss the black bear.
The black bear is almost dead.
The black bear bites you! The black bear claws you.
* * * LOW HITPOINT WARNING * * *
The black bear claws you.
* * * LOW HITPOINT WARNING * * *
The black bear completely misses you. The black bear claws you.
* * * LOW HITPOINT WARNING * * *
The black bear barely misses you.
The air fills with toxic fumes!
As you read the scroll labelled PUZORA EDAKIB, it crumbles to dust.
It was a scroll of poison.
The black bear closely misses you. x2
The black bear claws you.
* * * LOW HITPOINT WARNING * * *
The black bear bites you!
You die...

,*****,*,,........§....,,*
,,,,,,,,,**#...§§§...###,*
,,,**,,*** #...§§§.h....,*
**,**,** #...§§§...#****
**,*,,* ****#§#****
**,,,** #§# ***,,** #§#
,,,,,,* #h# **,*,,** #@#
**,,,,,* ##§# ***,,*,**
#§§# ***,,*,,* ##§##
,,,,,**,*** #§§#
***,,,,,,,* #§## **,*#...*
##§# *,*#.*.#*#§§#
*,*#?*<.*#.##


You could see a black bear (berserk, very poisoned).

Vanquished Creatures
  An orc priest (D:3)
  An orc wizard (D:3)
  An adder (D:2)
  A gnoll (D:1)
  A worm (D:4)
  2 dart slugs (D:1)
  6 orcs (D:3)
  3 ball pythons
  3 bats (D:2)
  6 endoplasms
  3 giant cockroaches
  7 goblins
  4 hobgoblins
  4 jackals (D:2)
  3 quokkas
  5 frilled lizards
  7 kobolds
  4 rats
62 creatures vanquished.

Notes
Turn   | Place    | Note
-------+----------+-------------------------------------------
     0 | D:1      | Nonny the Mummy Conjurer began the quest for the Orb.
     0 | D:1      | Reached XP level 1. HP: 13/13 MP: 4/4
   215 | D:1      | Reached skill level 3 in Spellcasting
   327 | D:1      | Reached XP level 2. HP: 19/19 MP: 1/6
   399 | D:1      | Learned a level 2 spell: Searing Ray
   460 | D:1      | Found Seydghia's Magic Scroll Boutique.
   846 | D:1      | Gained mutation: You are in touch with the powers of death.
                  | [Mummy growth]
   846 | D:1      | Reached XP level 3. HP: 24/24 MP: 0/7
   852 | D:1      | Learned a level 3 spell: Dazzling Flash
  1627 | D:2      | Large vault at center of floor, accessed through gate on
                  | its western side.
  2700 | D:2      | Reached XP level 4. HP: 30/30 MP: 6/9
  2928 | D:3      | Reached skill level 4 in Spellcasting
  3648 | D:3      | Reached XP level 5. HP: 35/35 MP: 3/11
  4038 | D:4      | Found an opulent altar of Gozag.
  4038 | D:4      | Noticed a black bear
  4054 | D:4      | Slain by a black bear

Illustrated notes

#######.....##########
#>.........##........##
#..#####..##..........##
.........##............##
######.###..............##
#.##................## ####
#†#..................#
...###.#..................#
.......#........@!........#
.......'.)...†............#
.......'..................#
......##..................#
...#####..................#
...# #..................#
#### ##................##
##..............##
##............##


Turn 1627 on D:2: Large vault at center of floor, accessed through gate on its
western side.

Levels and vault maps discovered:
D:1:      enne_arrival_octagon_isle, layout_rooms, serial_shops, shop,
          serial_co_window_serial, co_window_paths_b, co_window_paths_a,
          co_window_paths_a, co_window_paths_a, co_window_paths_b,
          co_window_2corner, co_window_broadway_a, co_window_2corner,
          co_window_broadway_c, co_window_corner_ca, glass_columns_a,
          glass_columns_a, glass_columns_a
D:2:      kennysheep_big_flooded_room, layout_basic
D:3:      layout_basic
D:4:      layout_rooms, mainiacjoe_overflow_catwalk, serial_shops, shop_statue,
          gup_sewer_entry_spiral

Skill      XL: |  1  2  3  4 |
---------------+-------------+-----
Stealth        | 2 3 |  3.0
Spellcasting   | 3 4 |  4.7
Dodging        | 2 |  2.5
Conjurations   | |  3.2

Action                     |  1- 3 |  4- 6 || total
---------------------------+-------+-------++-------
  Melee: Dagger            |    13 |       ||    13
         Short sword       |    11 |     1 ||    12
         Whip              |       |     4 ||     4
   Cast: Magic Dart        |    61 |    39 ||   100
         Searing Ray       |    12 |     6 ||    18
         Dazzling Flash    |       |     1 ||     1
    Use: Scroll            |       |     3 ||     3
 Armour: Robe              |    39 |     7 ||    46
  Dodge: Dodged            |   109 |    19 ||   128
